 Dungeon Crawl Stone Soup version 0.31-a0-1084-gb392501acf (webtiles) character file.

Game seed: 374920533953831187

179 Gumption the Chopper (level 5, 0/47 HPs)
             Began as a Gnoll Cinder Acolyte on Nov 28, 2023.
             Was a High Priest of Ignis.
             Slain by a gnoll
             ... wielding a +0 halberd
              (5 damage)
             ... on level 4 of the Dungeon.
             The game lasted 00:14:53 (2152 turns).

Gumption the Chopper (Gnoll Cinder Acolyte)         Turns: 2152, Time: 00:14:53

Health: 0/47       AC:  7    Str: 15    XL:     5   Next: 59%
Magic:  9/9        EV:  9    Int: 14    God:    Ignis [*****.]
Gold:   110        SH:  0    Dex:  7    Spells: 10/10 levels left

rFire   + . .        a - -1 hand axe (flame)
rCold   . . .        (no shield)
rNeg    . . .        h - +0 scale mail
rPois   .            u - +0 helmet
rElec   .            (no cloak)
rCorr   .            (no gloves)
SInv    .            (no boots)
Will    .....        (no amulet) Stlth
                     (no ring)
HPRegen 0.27/turn    (no ring)
MPRegen 0.11/turn

%: no passive effects
@: no status effects
A: fangs 1, strong nose, distributed training
a: Renounce Religion, Fiery Armour, Foxfire Swarm, Rising Flame


You were on level 4 of the Dungeon.
You worshipped Ignis.
Ignis was extremely pleased with you.
You visited 1 branch of the dungeon, and saw 4 of its levels.

You collected 110 gold pieces.

Inventory:

Hand Weapons
 a - a -1 hand axe of flaming (weapon)
 b - a +1 sling of flaming
 w - a +0 flail
Armour
 h - a +0 scale mail (worn)
 p - a +0 plate armour
 u - a +0 helmet (worn)
Jewellery
 n - a ring of wizardry
Talismans
 g - a talisman of death
Wands
 r - a wand of flame (31)
Scrolls
 c - a scroll of teleportation
 d - a scroll of silence {unknown}
 j - a scroll of poison
 k - a scroll of amnesia
 m - a scroll of identify
 o - a scroll of noise {unknown}
 q - a scroll of revelation {unknown}
 x - a scroll of blinking {unknown}
Potions
 e - 2 potions of invisibility
 f - a potion of cancellation {unknown}
 i - 2 potions of curing {unknown}
 l - a potion of might {unknown}
 s - 2 potions of heal wounds {unknown}
 t - a potion of degeneration {unknown}
 v - a potion of brilliance {unknown}


   Skills:
 + Level 6.7 Fighting
 + Level 1.6 Short Blades
 + Level 1.6 Long Blades
 + Level 6.7 Axes
 + Level 1.6 Maces & Flails
 + Level 1.6 Polearms
 + Level 1.6 Staves
 + Level 1.6 Ranged Weapons
 + Level 1.6 Throwing
 + Level 1.6 Armour
 + Level 1.6 Dodging
 + Level 1.6 Stealth
 + Level 1.6 Shields
 + Level 1.6 Unarmed Combat
 + Level 3.2 Spellcasting
 + Level 1.2 Conjurations
 + Level 1.2 Hexes
 + Level 1.2 Summonings
 + Level 1.2 Necromancy
 + Level 1.2 Translocations
 + Level 1.2 Transmutations
 + Level 5.5 Fire Magic
 + Level 1.2 Ice Magic
 + Level 1.2 Air Magic
 + Level 1.2 Earth Magic
 + Level 1.2 Poison Magic
 + Level 1.8 Invocations
 + Level 1.6 Evocations
 + Level 1.4 Shapeshifting


You had 10 spell levels left.
You didn't know any spells.
Your spell library contained the following spells:

 Spells                   Type           Power      Damage    Failure   Level
 Scorch                   Fire           34%        2d6       13%         2
 Apportation              Tloc           10%        N/A       43%         1
 Slow                     Hex            20%        N/A       43%         1
 Jinxbite                 Hex            10%        N/A       58%         2
 Confusing Touch          Hex            5%         N/A       82%         3
 Sigil of Binding         Hex            5%         N/A       82%         3
 Vampiric Draining        Necr           5%         2d6       82%         3
 Alistair's Intoxication  Tmut/Pois      3%         N/A       100%        5


Dungeon Overview and Level Annotations

Branches:
Dungeon (4/15)
 Temple: D:4-7

Altars:

Annotations:
D:4 Duvessa


Innate Abilities, Weirdness & Mutations

You have very sharp teeth.
Your uncanny sense of smell can sniff out nearby items.
Your experience applies equally to all skills.


Message History

Found a stone staircase leading down.
A gnoll comes into view. It is wielding a +0 halberd.
The gnoll shouts!
A gnoll comes into view. It is wielding a +0 spear.
The gnoll shouts!
You hear a shout!
The gnoll barely misses you.
A gnoll comes into view. It is wielding a +0 flail.
You hit the gnoll but do no damage. The gnoll closely misses you.
You closely miss the gnoll. Your punch misses the gnoll.
The gnoll hits you but does no damage.
You closely miss the gnoll. The gnoll closely misses you.
The gnoll hits you but does no damage.
You hit the gnoll but do no damage. You bite the gnoll, but do no damage.
The gnoll barely misses you.
The gnoll hits you from afar with a +0 halberd!
You closely miss the gnoll. The gnoll hits you with a +0 halberd!
* * * LOW HITPOINT WARNING * * *
The gnoll hits you from afar with a +0 halberd!
* * * LOW HITPOINT WARNING * * *
You barely miss the gnoll. The gnoll closely misses you.
The gnoll hits you from afar with a +0 halberd.
* * * LOW HITPOINT WARNING * * *
You hit the gnoll. You burn the gnoll.
The gnoll is lightly wounded.
The gnoll barely misses you. x2
You hit the gnoll. You burn the gnoll.
The gnoll is heavily wounded.
The gnoll barely misses you. x2
You closely miss the gnoll.
The gnoll is heavily wounded.
You hit the gnoll but do no damage.
The gnoll is heavily wounded.
The gnoll hits you with a +0 halberd.
* * * LOW HITPOINT WARNING * * *
The gnoll hits you from afar with a +0 halberd.
* * * LOW HITPOINT WARNING * * *
You hit the gnoll but do no damage.
The gnoll is heavily wounded.
The gnoll barely misses you. The gnoll hits you with a +0 halberd.
You die...

..⌠. ...
.#
##.######
.
#...#...#
##.
..⌠.l.⌠.#
#g> #.e.#
#g#
##.###
#g# #...#
#g# ##..#
#@# #.##
#.# #.#
#.# #.###
#.# #...#
#.# #.#.#
#.# #.#.#
#.#
###.#.#
#.#
....#l#
#)#


You could see 4 gnolls.

Vanquished Creatures
  Dowan (D:4)
  Jessica (D:2)
  An iguana (D:4)
  2 adders (D:2)
  2 dart slugs
  4 orcs (D:3)
  A bat skeleton (D:2)
  An endoplasm (D:2)
  4 giant cockroaches
  4 goblins
  A hobgoblin (D:3)
  8 jackals (D:2)
  A quokka (D:3)
  6 ball pythons
  3 ball python zombies (D:2)
  4 bats
  2 frilled lizards
  3 kobolds
  5 rats
54 creatures vanquished.

Notes
Turn   | Place    | Note
-------+----------+-------------------------------------------
     0 | D:1      | Gumption the Gnoll Cinder Acolyte began the quest for the
                  | Orb.
     0 | D:1      | Reached XP level 1. HP: 23/23 MP: 4/4
   348 | D:1      | Reached XP level 2. HP: 29/29 MP: 5/5
   612 | D:2      | Reached XP level 3. HP: 35/35 MP: 7/7
   686 | D:2      | Noticed Jessica
   719 | D:2      | Killed Jessica
   720 | D:2      | Reached skill level 1 in Short Blades
   720 | D:2      | Reached skill level 1 in Long Blades
   720 | D:2      | Reached skill level 1 in Maces & Flails
   720 | D:2      | Reached skill level 1 in Polearms
   720 | D:2      | Reached skill level 1 in Staves
   720 | D:2      | Reached skill level 1 in Ranged Weapons
   720 | D:2      | Reached skill level 1 in Throwing
   720 | D:2      | Reached skill level 1 in Armour
   720 | D:2      | Reached skill level 1 in Dodging
   720 | D:2      | Reached skill level 1 in Stealth
   720 | D:2      | Reached skill level 1 in Shields
   720 | D:2      | Reached skill level 1 in Unarmed Combat
   720 | D:2      | Reached skill level 1 in Invocations
   720 | D:2      | Reached skill level 1 in Evocations
   720 | D:2      | Reached XP level 4. HP: 24/41 MP: 8/8
   812 | D:2      | Reached skill level 1 in Shapeshifting
  1228 | D:2      | Reached skill level 1 in Conjurations
  1228 | D:2      | Reached skill level 1 in Hexes
  1228 | D:2      | Reached skill level 1 in Summonings
  1228 | D:2      | Reached skill level 1 in Necromancy
  1228 | D:2      | Reached skill level 1 in Translocations
  1228 | D:2      | Reached skill level 1 in Transmutations
  1228 | D:2      | Reached skill level 1 in Ice Magic
  1228 | D:2      | Reached skill level 1 in Air Magic
  1228 | D:2      | Reached skill level 1 in Earth Magic
  1228 | D:2      | Reached skill level 1 in Poison Magic
  1975 | D:4      | Noticed Dowan
  1978 | D:4      | Noticed Duvessa
  2014 | D:4      | Reached XP level 5. HP: 15/47 MP: 9/9
  2018 | D:4      | Killed Dowan
  2152 | D:4      | Slain by a gnoll

Illustrated notes

Levels and vault maps discovered:
D:1:      spicycebolla_arrival_ecumenical, layout_rooms, minmay_pentomino_w2
D:2:      minmay_chambers_of_ones, layout_loops_ring, serial_undead,
          serial_undead_a, serial_undead_f, serial_undead_d, serial_undead_f,
          uniq_jessica
D:3:      layout_basic
D:4:      layout_loops_ring, minmay_temple_entry_nine_rooms,
          gup_sewer_entry_spiral, serial_shops, shop, uniq_grinder, uniq_ijyb,
          uniq_duvessa

Skill      XL: |  1  2  3  4 |
---------------+-------------+-----
Short Blades   | 1 |  1.6
Long Blades    | 1 |  1.6
Maces & Flails | 1 |  1.6
Polearms       | 1 |  1.6
Staves         | 1 |  1.6
Ranged Weapons | 1 |  1.6
Throwing       | 1 |  1.6
Armour         | 1 |  1.6
Dodging        | 1 |  1.6
Stealth        | 1 |  1.6
Shields        | 1 |  1.6
Unarmed Combat | 1 |  1.6
Invocations    | 1 |  1.8
Evocations     | 1 |  1.6
Spellcasting   | 3 |  3.2
Shapeshifting  | 1 |  1.4
Conjurations   | 1 |  1.2
Hexes          | 1 |  1.2
Summonings     | 1 |  1.2
Necromancy     | 1 |  1.2
Translocations | 1 |  1.2
Transmutations | 1 |  1.2
Ice Magic      | 1 |  1.2
Air Magic      | 1 |  1.2
Earth Magic    | 1 |  1.2
Poison Magic   | 1 |  1.2
Fighting       | |  6.7
Axes           | |  6.7
Fire Magic     | |  5.5

Action                     |  1- 3 |  4- 6 || total
---------------------------+-------+-------++-------
  Melee: Hand axe          |    52 |    90 ||   142
         Bite              |     3 |    10 ||    13
         Punch             |       |     3 ||     3
   Fire: Sling             |     7 |    44 ||    51
    Use: Scroll            |       |     4 ||     4
 Armour: Robe              |     2 |       ||     2
         Leather armour    |     1 |       ||     1
         Scale mail        |    29 |    54 ||    83
  Dodge: Dodged            |    32 |    56 ||    88

Table legend: (Time is in decaauts)
 A = Elapsed time spent in this place.
 B = Non-inter-level travel time spent in this place.
 C = Inter-level travel time spent in this place.
 D = Time resting spent in this place.
 E = Time spent auto-exploring this place.
 F = Levels seen in this place.
 G = Mean time per level.
                   A        B        C        D        E       F      G
               +--------+--------+--------+--------+--------+-----+--------+
         Total |   2169 |   2115 |     54 |    179 |    892 |   4 |  542.2 |
       Dungeon |   2169 |   2115 |     54 |    179 |    892 |   4 |  542.2 |
               +--------+--------+--------+--------+--------+-----+--------+

Top non-repeatable levels by time:
     D:2: 886 daAuts
     D:3: 610 daAuts
     D:1: 464 daAuts
     D:4: 207 daAuts
